| TOP OF THE 1ST |
|
Marion Mets batting - Pitching for Bristol Bees : RHP Jack Hein
|
|
Pitching: RHP Jack Hein
|
|
|
Batting: RHB Thomas Wallace
|
0-0: Called Strike 0-1: Swinging Strike 0-2: Ball 1-2: Strikes out swinging
|
|
Batting: LHB Ricky de la Cruz
|
0-0: Ball 1-0: Called Strike 1-1: Called Strike 1-2: Ground out 4-3 (Groundball, 4, EV 94.4 MPH)
|
|
Batting: RHB Rey Quinones
|
0-0: Called Strike 0-1: Ball 1-1: SINGLE (Groundball, 4MD, EV 96.9 MPH)
|
|
Batting: LHB Christopher Chapman
|
0-0: Ball 1-0: Foul Ball, location: 2F 1-1: Ball 2-1: Ball 3-1: Called Strike 3-2: Foul Ball, location: 2F 3-2: SINGLE (Groundball, 34D, EV 108.1 MPH) Rey Quinones to second Rey Quinones to third
|
|
Batting: RHB Wayne Harrison
|
0-0: Swinging Strike 0-1: Ball 1-1: Foul Ball, location: 2F 1-2: Strikes out looking
|
| Top of the 1st over - 0 runs, 2 hits, 0 errors, 2 left on base; Marion 0 - Bristol 0 |
| BOTTOM OF THE 1ST |
|
Bristol Bees batting - Pitching for Marion Mets : RHP John Burkett
|
|
Pitching: RHP John Burkett
|
|
|
Batting: RHB Tracy Jones
|
0-0: Fly out, F5 (Popup, 5L, EV 84.4 MPH)
|
|
Batting: RHB Timothy Utecht
|
0-0: Called Strike 0-1: Foul Ball, location: 2F 0-2: Ball 1-2: Strikes out swinging
|
|
Batting: LHB Joe Orsulak
|
0-0: Ball 1-0: Foul Ball, location: 2F 1-1: Fly out, F9 (Flyball, 9S, EV 85.6 MPH)
|
| Bottom of the 1st over - 0 runs, 0 hits, 0 errors, 0 left on base; Marion 0 - Bristol 0 |
| TOP OF THE 2ND |
|
Marion Mets batting - Pitching for Bristol Bees : RHP Jack Hein
|
|
Batting: LHB Lorenzo Castillo
|
0-0: Called Strike 0-1: Ball 1-1: Ball 2-1: Ball 3-1: Called Strike 3-2: Ground out 5-3 (Groundball, 56, EV 101.3 MPH)
|
|
Batting: RHB Bob Geren
|
0-0: Ball 1-0: Foul Ball, location: 2F 1-1: Swinging Strike 1-2: Strikes out swinging
|
|
Batting: SHB Sherman Webb
|
0-0: Called Strike 0-1: Foul Ball, location: 2F 0-2: Ground out 4-3 (Groundball, 4, EV 90.0 MPH)
|
| Top of the 2nd over - 0 runs, 0 hits, 0 errors, 0 left on base; Marion 0 - Bristol 0 |
| BOTTOM OF THE 2ND |
|
Bristol Bees batting - Pitching for Marion Mets : RHP John Burkett
|
|
Batting: SHB Dale Sveum
|
0-0: Ball 1-0: Ball 2-0: Ball 3-0: Base on Balls
|
|
Batting: RHB Jerome Kovar
|
0-0: Ball 1-0: Fly out, F7 (Flyball, 7LS, EV 86.9 MPH)
|
|
Batting: SHB Bernie Tatis
|
0-0: Ball 1-0: Ball 2-0: Called Strike Dale Sveum steals 2nd base 2-1: Foul Ball, location: 2F 2-2: Ground out 5-3 (Groundball, 56, EV 101.9 MPH)
|
|
Batting: RHB Glenallen Hill
|
0-0: Called Strike 0-1: Foul Ball, location: 2F 0-2: Ball 1-2: Ground out 4-3 (Groundball, 4M, EV 105.0 MPH)
|
| Bottom of the 2nd over - 0 runs, 0 hits, 0 errors, 1 left on base; Marion 0 - Bristol 0 |
| TOP OF THE 3RD |
|
Marion Mets batting - Pitching for Bristol Bees : RHP Jack Hein
|
|
Batting: RHB Jose Maldonado
|
0-0: Called Strike 0-1: Foul Ball, location: 2F 0-2: Strikes out looking
|
|
Batting: RHB Thomas Wallace
|
0-0: Swinging Strike 0-1: Ball 1-1: Ball 2-1: Foul Ball, location: 2F 2-2: Foul Ball, location: 2F 2-2: Foul Ball, location: 2F 2-2: Ball 3-2: Foul Ball, location: 2F 3-2: SINGLE (Line Drive, 4D, EV 94.4 MPH)
|
|
Batting: LHB Ricky de la Cruz
|
0-0: Ball Thomas Wallace steals 2nd base 1-0: Ball 2-0: Ball 3-0: Called Strike 3-1: Foul Ball, location: 2F 3-2: Base on Balls
|
|
Batting: RHB Rey Quinones
|
0-0: Ball 1-0: Ball 2-0: 3-RUN HOME RUN (Flyball, 9D, EV 92.5 MPH), Distance : 360 ft
|
|
Batting: LHB Christopher Chapman
|
0-0: Ball 1-0: Foul Ball, location: 2F 1-1: Fly out, F9 (Flyball, 89D, EV 86.9 MPH)
|
|
Pitching: RHP Dar Smith
|
|
|
Batting: RHB Wayne Harrison
|
0-0: Called Strike 0-1: Swinging Strike 0-2: SOLO HOME RUN (Flyball, 78XD, EV 110.0 MPH), Distance : 423 ft
|
|
Batting: LHB Lorenzo Castillo
|
0-0: Ball 1-0: Called Strike 1-1: Ball 2-1: SINGLE (Flyball, 8LS, EV 98.1 MPH)
|
|
Batting: RHB Bob Geren
|
0-0: Foul Ball, location: 2F 0-1: Swinging Strike 0-2: Strikes out looking
|
| Top of the 3rd over - 4 runs, 4 hits, 0 errors, 1 left on base; Marion 4 - Bristol 0 |
| BOTTOM OF THE 3RD |
|
Bristol Bees batting - Pitching for Marion Mets : RHP John Burkett
|
|
Batting: RHB Juan Burgos
|
0-0: Foul Ball, location: 2F 0-1: Ball 1-1: Called Strike 1-2: Fly out, F8 (Flyball, 8LM, EV 81.3 MPH)
|
|
Batting: SHB Stan Jefferson
|
0-0: Called Strike 0-1: Foul Ball, location: 2F 0-2: Ground out 6-3 (Groundball, 6M, EV 84.4 MPH)
|
|
Batting: RHB Tracy Jones
|
0-0: Called Strike 0-1: Fly out, F8 (Flyball, 8LM, EV 78.1 MPH)
|
| Bottom of the 3rd over - 0 runs, 0 hits, 0 errors, 0 left on base; Marion 4 - Bristol 0 |
| TOP OF THE 4TH |
|
Marion Mets batting - Pitching for Bristol Bees : RHP Dar Smith
|
|
Batting: SHB Sherman Webb
|
0-0: Ball 1-0: Ball 2-0: Called Strike 2-1: Foul Ball, location: 2F 2-2: Ball 3-2: Base on Balls
|
|
Batting: RHB Jose Maldonado
|
0-0: Ball 1-0: Called Strike Sherman Webb is caught stealing 2nd base 2-4 1-1: Foul Ball, location: 2F 1-2: Strikes out looking
|
|
Batting: RHB Thomas Wallace
|
0-0: Ball 1-0: Called Strike 1-1: Foul Ball, location: 2F 1-2: Ball 2-2: Ground out 1-3 (Groundball, 13S, EV 65.0 MPH)
|
| Top of the 4th over - 0 runs, 0 hits, 0 errors, 0 left on base; Marion 4 - Bristol 0 |
| BOTTOM OF THE 4TH |
|
Bristol Bees batting - Pitching for Marion Mets : RHP John Burkett
|
|
Batting: RHB Timothy Utecht
|
0-0: Ball 1-0: Ball 2-0: Ball 3-0: Called Strike 3-1: Foul Ball, location: 2F 3-2: Base on Balls
|
|
Batting: LHB Joe Orsulak
|
0-0: Called Strike 0-1: Fielders Choice at 2nd, 4-6 (Groundball, 4, EV 98.8 MPH)
|
|
Batting: SHB Dale Sveum
|
0-0: Ball 1-0: Called Strike 1-1: Called Strike 1-2: DOUBLE (Groundball, 5L, EV 103.1 MPH) Joe Orsulak to third Runner from 3rd tries for Home, SAFE, no throw by LF
|
|
Batting: RHB Jerome Kovar
|
0-0: Ball 1-0: Ball 2-0: Ground out 4-3 (Groundball, 4, EV 83.1 MPH) Dale Sveum to third
|
|
Batting: SHB Bernie Tatis
|
0-0: Foul Ball, location: 2F 0-1: Ball 1-1: Fly out, F4 (Flyball, 4D, EV 83.1 MPH)
|
| Bottom of the 4th over - 1 run, 1 hit, 0 errors, 1 left on base; Marion 4 - Bristol 1 |
| TOP OF THE 5TH |
|
Marion Mets batting - Pitching for Bristol Bees : RHP Dar Smith
|
|
Batting: LHB Ricky de la Cruz
|
0-0: Ball 1-0: Ground out 5-3 (Groundball, 56, EV 89.4 MPH)
|
|
Batting: RHB Rey Quinones
|
0-0: Ball 1-0: Foul Ball, location: 2F 1-1: Ball 2-1: Ball 3-1: Fly out, F8 (Flyball, 8RS, EV 87.5 MPH)
|
|
Batting: LHB Christopher Chapman
|
0-0: Called Strike 0-1: Ball 1-1: Ball 2-1: Foul Ball, location: 2F 2-2: Foul Ball, location: 2F 2-2: Fly out, F7 (Line Drive, 7, EV 91.3 MPH)
|
| Top of the 5th over - 0 runs, 0 hits, 0 errors, 0 left on base; Marion 4 - Bristol 1 |
| BOTTOM OF THE 5TH |
|
Bristol Bees batting - Pitching for Marion Mets : RHP John Burkett
|
|
Batting: RHB Glenallen Hill
|
0-0: Ball 1-0: Ball 2-0: Ball 3-0: Called Strike 3-1: Foul Ball, location: 2F 3-2: Foul Ball, location: 2F 3-2: Base on Balls
|
|
Batting: RHB Juan Burgos
|
0-0: Bunted foul 0-1: Ball 1-1: Ball 2-1: Bunted foul 2-2: Ball 3-2: Fielders Choice at 2nd, 4-6 (Groundball, 4, EV 95.0 MPH)
|
|
Batting: SHB Stan Jefferson
|
0-0: Swinging Strike 0-1: Called Strike Juan Burgos steals 2nd base 0-2: Fly out, F8 (Line Drive, 8LD, EV 90.0 MPH) Runner from 2nd tags up, SAFE at 3rd with throw by CF
|
|
Batting: RHB Tracy Jones
|
0-0: Ground out 6-3 (Groundball, 6MS, EV 67.5 MPH)
|
| Bottom of the 5th over - 0 runs, 0 hits, 0 errors, 1 left on base; Marion 4 - Bristol 1 |
| TOP OF THE 6TH |
|
Marion Mets batting - Pitching for Bristol Bees : RHP Dar Smith
|
|
Batting: RHB Wayne Harrison
|
0-0: Called Strike 0-1: Ball 1-1: Swinging Strike 1-2: Ball 2-2: Strikes out looking
|
|
Batting: LHB Lorenzo Castillo
|
0-0: Called Strike 0-1: Ball 1-1: Foul Ball, location: 2F 1-2: Ball 2-2: Foul Ball, location: 2F 2-2: Fly out, F6 (Popup, 6M, EV 62.5 MPH)
|
|
Batting: RHB Bob Geren
|
0-0: Called Strike 0-1: Ground out 6-3 (Groundball, 6, EV 80.6 MPH)
|
| Top of the 6th over - 0 runs, 0 hits, 0 errors, 0 left on base; Marion 4 - Bristol 1 |
| BOTTOM OF THE 6TH |
|
Bristol Bees batting - Pitching for Marion Mets : RHP John Burkett
|
|
Batting: RHB Timothy Utecht
|
0-0: Swinging Strike 0-1: Ball 1-1: Called Strike 1-2: Fly out, F8 (Flyball, 8RS, EV 76.9 MPH)
|
|
Batting: LHB Joe Orsulak
|
0-0: Ball 1-0: Called Strike 1-1: SINGLE (Groundball, 4MD, EV 105.0 MPH)
|
|
Batting: SHB Dale Sveum
|
0-0: Ball 1-0: Called Strike Joe Orsulak is caught stealing 2nd base 2-6 1-1: Swinging Strike 1-2: Ground out 6-3 (Groundball, 6, EV 109.4 MPH)
|
| Bottom of the 6th over - 0 runs, 1 hit, 0 errors, 0 left on base; Marion 4 - Bristol 1 |
| TOP OF THE 7TH |
|
Marion Mets batting - Pitching for Bristol Bees : RHP Dar Smith
|
|
Batting: SHB Sherman Webb
|
0-0: Ball 1-0: Foul Ball, location: 2F 1-1: Ball 2-1: Foul Ball, location: 2F 2-2: Ground out 6-3 (Groundball, 56, EV 100.6 MPH)
|
|
Batting: RHB Jose Maldonado
|
0-0: Foul Ball, location: 2F 0-1: SINGLE (Line Drive, 4D, EV 96.3 MPH)
|
|
Batting: RHB Thomas Wallace
|
0-0: Called Strike 0-1: Called Strike 0-2: Foul Ball, location: 2F 0-2: Strikes out looking
|
|
Batting: LHB Ricky de la Cruz
|
0-0: Called Strike 0-1: Ball 1-1: Called Strike 1-2: Ball 2-2: Ball 3-2: Foul Ball, location: 2F 3-2: Foul Ball, location: 2F 3-2: Foul Ball, location: 2F 3-2: Ground out 4-3 (Groundball, 4, EV 95.6 MPH)
|
| Top of the 7th over - 0 runs, 1 hit, 0 errors, 1 left on base; Marion 4 - Bristol 1 |
| BOTTOM OF THE 7TH |
|
Bristol Bees batting - Pitching for Marion Mets : RHP John Burkett
|
|
Batting: RHB Jerome Kovar
|
0-0: Ball 1-0: Called Strike 1-1: Ball 2-1: Swinging Strike 2-2: Ground out 5-3 (Groundball, 56, EV 106.3 MPH)
|
|
Batting: SHB Bernie Tatis
|
0-0: Ball 1-0: Ball 2-0: Foul Ball, location: 2F 2-1: Ball 3-1: Foul Ball, location: 2F 3-2: Foul Ball, location: 2F 3-2: Foul Ball, location: 2F 3-2: Fly out, F7 (Flyball, 7LS, EV 89.4 MPH)
|
|
Batting: RHB Glenallen Hill
|
0-0: Ball 1-0: Fly out, F4 (Line Drive, 4, EV 65.6 MPH)
|
| Bottom of the 7th over - 0 runs, 0 hits, 0 errors, 0 left on base; Marion 4 - Bristol 1 |
| TOP OF THE 8TH |
|
Marion Mets batting - Pitching for Bristol Bees : RHP Dar Smith
|
|
Batting: RHB Rey Quinones
|
0-0: Ball 1-0: Called Strike 1-1: Ball 2-1: Fly out, F4 (Popup, 4M, EV 50.0 MPH)
|
|
Batting: LHB Christopher Chapman
|
0-0: Ball 1-0: Ball 2-0: Foul Ball, location: 2F 2-1: Ball 3-1: Base on Balls
|
|
Pitching: RHP Kevin Fehr
|
|
|
Batting: RHB Wayne Harrison
|
0-0: Ball 1-0: Ball 2-0: Foul Ball, location: 2F 2-1: Foul Ball, location: 2F 2-2: Strikes out swinging
|
|
Batting: LHB Lorenzo Castillo
|
0-0: Called Strike 0-1: Ball 1-1: Fielders Choice at 2nd, U4 (Groundball, 4M, EV 91.3 MPH)
|
| Top of the 8th over - 0 runs, 0 hits, 0 errors, 1 left on base; Marion 4 - Bristol 1 |
| BOTTOM OF THE 8TH |
|
Bristol Bees batting - Pitching for Marion Mets : RHP John Burkett
|
|
Batting: RHB Juan Burgos
|
0-0: Ball 1-0: Fly out, F9 (Flyball, 9S, EV 82.5 MPH)
|
|
Batting: SHB Stan Jefferson
|
0-0: Ball 1-0: SINGLE (Groundball, 6S, EV 72.5 MPH) (infield hit)
|
|
Batting: RHB Tracy Jones
|
0-0: Foul Ball, location: 2F 0-1: Ball 1-1: Ball 2-1: Ball 3-1: Base on Balls Stan Jefferson to second
|
|
Batting: RHB Timothy Utecht
|
0-0: Called Strike 0-1: Called Strike 0-2: Strikes out swinging
|
|
Batting: LHB Joe Orsulak
|
0-0: Foul Ball, location: 2F 0-1: Swinging Strike 0-2: Fly out, F7 (Flyball, 7D, EV 106.3 MPH)
|
| Bottom of the 8th over - 0 runs, 1 hit, 0 errors, 2 left on base; Marion 4 - Bristol 1 |
| TOP OF THE 9TH |
|
Marion Mets batting - Pitching for Bristol Bees : RHP Kevin Fehr
|
|
Pitching: RHP Jose Cano
|
|
|
Batting: RHB Bob Geren
|
0-0: Ball 1-0: Foul Ball, location: 2F 1-1: Swinging Strike 1-2: Foul Ball, location: 2F 1-2: Ball 2-2: Ball 3-2: Foul Ball, location: 2F 3-2: SINGLE (Groundball, 56D, EV 95.6 MPH)
|
|
Batting: SHB Sherman Webb
|
0-0: Foul Ball, location: 2F 0-1: Ball 1-1: Ball 2-1: Sac Bunt to 5S - play at first, batter OUT! 5-4 Bob Geren to second
|
|
Batting: RHB Jose Maldonado
|
0-0: Swinging Strike 0-1: Called Strike 0-2: Foul Ball, location: 2F 0-2: Strikes out looking
|
|
Batting: RHB Thomas Wallace
|
0-0: Called Strike 0-1: Swinging Strike 0-2: Ball 1-2: Foul Ball, location: 2F 1-2: Foul Ball, location: 2F 1-2: Foul Ball, location: 2F 1-2: Fly out, F7 (Flyball, 7D, EV 98.1 MPH)
|
| Top of the 9th over - 0 runs, 1 hit, 0 errors, 1 left on base; Marion 4 - Bristol 1 |
| BOTTOM OF THE 9TH |
|
Bristol Bees batting - Pitching for Marion Mets : RHP John Burkett
|
|
Pitching: RHP Gregory Hammond
|
|
|
Batting: SHB Dale Sveum
|
0-0: Ball 1-0: Swinging Strike 1-1: Ground out 6-3 (Groundball, 6S, EV 65.6 MPH)
|
|
Batting: RHB Jerome Kovar
|
0-0: Ground out 5-3 (Groundball, 56, EV 86.3 MPH)
|
|
Batting: SHB Bernie Tatis
|
0-0: Called Strike 0-1: Ground out U3 (Groundball, 34, EV 80.6 MPH)
|
| Bottom of the 9th over - 0 runs, 0 hits, 0 errors, 0 left on base; Marion 4 - Bristol 1 |
|